Map: Orbital Shipyard

Players

oThomaz - Winner!

  • Race: Protoss Protoss
  • League: Bronze

SticklerMac

  • Race: Terran Terran
  • League: Bronze

VOD

Have the link to the VOD?

Description

Time

  • Played on: July 28, 2015, 8:24 p.m.
  • Length: 5:03
Show
View Real Time Build Order
Export as new Build Order

oThomaz Protoss - Winner!

Build Orders:  

Get SALT Encoding   

  12  0:01  Probe  
  13  0:14  Pylon  
  13  0:17  Probe  
  14  0:32  Probe (Chrono Boost)  
  15  0:36  Gateway  
  15  0:41  Assimilator  
  15  0:45  Probe (Chrono Boost)  
  16  0:54  Probe (Chrono Boost)  
  17  1:04  Gateway  
  17  1:09  Probe (Chrono Boost)  
  18  1:16  Pylon  
  18  1:27  Cybernetics Core  
  18  1:29  Probe (Chrono Boost)  
  19  1:36  Zealot  
  21  1:41  Probe (Chrono Boost)  
  22  1:48  Assimilator  
  22  1:51  Probe (Chrono Boost)  
  23  2:00  Probe  
  24  2:06  Stalker  
  26  2:08  Warp Gate (Chrono Boost)  
  26  2:23  Adept  
  28  2:33  Gateway  
  28  2:36  Pylon  
  28  2:48  Gateway  
  28  2:50  Stalker  
  30  2:55  Sentry  
  32  3:07  Pylon  
  32  3:36  Pylon  
  32  3:52  Pylon  
  32  3:55  Zealot x2  
  34  3:56  Stalker x2  
  40  4:18  Zealot  
  40  4:19  Zealot  
  40  4:20  Zealot x2  
  38  4:58  Zealot x2  
  38  4:59  Zealot x2  
Show
View Real Time Build Order
Export as new Build Order

SticklerMac Terran 

Build Orders:  

Get SALT Encoding   

  12  0:01  SCV  
  13  0:13  SCV  
  14  0:18  Supply Depot  
  14  0:25  SCV  
  15  0:40  SCV  
  15  0:42  Barracks  
  16  0:47  Refinery  
  16  0:52  SCV  
  17  1:04  SCV  
  18  1:16  SCV  
  19  1:22  Supply Depot  
  19  1:31  SCV  
  20  1:41  Barracks  
  20  1:43  SCV  
  20  1:47  Refinery  
  20  1:56  SCV  
  20  1:57  Factory  
  21  2:02  Barracks Tech Lab  
  21  2:09  SCV  
  21  2:22  Concussive Shells  
  21  2:24  Marauder  
  23  2:30  Barracks Tech Lab  
  23  2:33  SCV  
  24  2:45  Marauder  
  24  2:46  Widow Mine  
  24  2:49  Marauder  
  30  2:55  Supply Depot  
  30  3:07  Starport  
  30  3:16  Marauder  
  30  3:18  Widow Mine  
  35  3:27  SCV  
  35  3:32  Marauder  
  37  3:42  Marauder  
  39  3:58  Orbital Command  
  39  4:05  Supply Depot  
  39  4:11  Medivac  
  33  4:22  Marauder  
  33  4:23  Marauder  
  35  4:26  Widow Mine  
Tags
 
Add a new tag
Caveats
  • Supply blocks, unpowered buildings, or Contaminate may cause inaccurate times.
  • Supply counts are checked every 10 seconds.